 Dungeon Crawl Stone Soup version 0.31-a0-1005-gfbdfbac (webtiles) character file.

Game seed: 9600996883614164643

2356 Partyfoot the Blocker (level 9, -2/64 (72) HPs)
             Began as a Formicid Fighter on Nov 11, 2023.
             Slain by a wight
             ... wielding a +0 battleaxe
              (5 damage)
             ... on level 7 of the Dungeon.
             The game lasted 00:16:11 (5649 turns).

Partyfoot the Blocker (Formicid Fighter)            Turns: 5649, Time: 00:16:11

HP:   -2/64 (72)    AC:  8    Str: 27    XL:     9   Next: 71%
MP:   9/9           EV:  8    Int:  8    God:
Gold: 501           SH: 18    Dex: 17    Spells: 8/8 levels left

rFire   + . .        a - +1 quarterstaff
rCold   . . .        k - +2 tower shield {rF+}
rNeg    . . .        b - +0 scale mail
rPois   +            (helmet unavailable)
rElec   .            (no cloak)
rCorr   .            (no gloves)
SInv    +            (no boots)
Will    .....        (no amulet) Stlth
                     h - +6 ring of strength
HPRegen 0.30/turn    m - ring of poison resistance
MPRegen 0.11/turn

%: no passive effects
@: heavily drained
A: permanent stasis, dig shafts and tunnels, antennae 3, four strong arms
a: Dig, Shaft Self


You were on level 7 of the Dungeon.
You visited 2 branches of the dungeon, and saw 8 of its levels.
You also visited: Ossuary.

You collected 501 gold pieces.

Inventory:

Hand Weapons
 a - a +1 quarterstaff (weapon)
Missiles
 B - a throwing net
Armour
 b - a +0 scale mail (worn)
 c - a +0 buckler
 k - a +2 tower shield of fire resistance (worn)
Jewellery
 h - a +6 ring of strength (left hand)
 m - a ring of poison resistance (right hand)
Wands
 o - a wand of digging (13)
 v - a wand of charming (7)
 y - a wand of light (8)
Scrolls
 i - 2 scrolls of vulnerability
 l - 9 scrolls of identify
 r - 4 scrolls of fog
 u - 3 scrolls of poison
 w - a scroll of fear {unknown}
 A - a scroll of amnesia
Potions
 e - 3 potions of curing
 f - 2 potions of resistance {unknown}
 g - 4 potions of degeneration {unknown}
 j - a potion of lignification {unknown}
 n - a potion of cancellation {unknown}
 p - 4 potions of attraction
 q - 2 potions of heal wounds {unknown}
 s - a potion of haste {unknown}
 t - 3 potions of enlightenment {unknown}
 x - a potion of brilliance {unknown}
 z - a potion of magic {unknown}


   Skills:
 + Level 7.5 Fighting
 + Level 6.4 Staves
 + Level 7.5 Armour
 + Level 9.0 Shields


You had 8 spell levels left.
You didn't know any spells.
Your spell library contained the following spells:

 Spells                   Type           Power      Damage    Failure   Level
 Shock                    Conj/Air       0%         1d3       96%         1
 Ensorcelled Hibernation  Hex/Ice        0%         N/A       99%         2
 Passwall                 Tmut/Erth      0%         N/A       99%         2
 Airstrike                Air            0%         2d(0-16)  100%        4
 Animate Dead             Necr           0%         N/A       100%        4
 Haunt                    Necr/Summ      0%         N/A       100%        7
 Infestation              Necr           0%         N/A       100%        8
 Swiftness                Air            Unusable   N/A       N/A         3

Dungeon Overview and Level Annotations

Branches:
Dungeon (7/15)             Temple (1/1) D:4         Ossuary (visited)

Altars:
Cheibriados
Fedhas
Gozag
Hepliaklqana
Kikubaaqudgha
Makhleb
Nemelex Xobeh
Qazlal
Sif Muna
Trog
Vehumet
Wu Jian
Xom
Yredelemnul
Zin

Shops:
D:4 (

Annotations:
D:3 2 transporters, dontdoit's ghost, amateur DjHu
D:6 3 runed translucent doors, bignoob's ghost, novice DgFi


Innate Abilities, Weirdness & Mutations

You cannot be hasted, slowed, berserked, paralysed or teleported.
You can dig through walls and to a lower floor.
You have a pair of large antennae on your head. (SInv)
Your four strong arms can wield two-handed weapons with a shield.


Message History

You are too injured to fight recklessly!
You are too injured to fight recklessly!
You are too injured to fight recklessly!
You are too injured to fight recklessly!
The orc shouts!
You hit the wight but do no damage.
The wight is almost destroyed.
You block the wight's attack. x2
An orc comes into view. It is wielding a +0 club.
The orc shouts!
You hit the wight.
The wight is almost destroyed.
The wight hits you with a +3 dire flail.
* * * LOW HITPOINT WARNING * * *
You feel drained.
* * * LOW HITPOINT WARNING * * *
The wight hits you with a +0 battleaxe.
* * * LOW HITPOINT WARNING * * *
You feel drained.
* * * LOW HITPOINT WARNING * * *
You closely miss the wight.
The wight is almost destroyed.
The wight hits you with a +3 dire flail.
* * * LOW HITPOINT WARNING * * *
You feel drained. The wight hits you with a +0 battleaxe!
* * * LOW HITPOINT WARNING * * *
You closely miss the wight.
The wight is almost destroyed.
You block the wight's attack. x2
An orc comes into view. It is wielding a +0 flail.
The orc wizard casts a spell.
The orc wizard flickers and vanishes for a moment.
The orc shouts!
You barely miss the wight.
The wight is almost destroyed.
You block the wight's attack. x2
You closely miss the wight.
The wight is almost destroyed.
You block the wight's attack. The wight hits you with a +0 battleaxe.
You die...

....(.'........#
....###........# .
.........#.....##.
........##.......
.......####...(#########
........................
....)...................
.................z......
...))#.######.#.@z......
.....#.....##'#.o....<..
.....#..........o...####
.....+.........o.......
.....######.........!.#
##...######.........#.#
#............o......#.#
#...................# .
)#....................


You could see 2 wights, an orc wizard (invisible) and 3 orcs.

Vanquished Creatures
  A steam dragon (D:6)
  2 water moccasins
  An ice beast (D:6)
  A sky beast (D:6)
  An orc warrior (D:7)
  3 ogres
  2 centaurs
  A kobold brigand (D:5)
  2 bullfrogs (D:6)
  7 wights (D:7)
  2 howler monkeys
  2 human zombies (Ossuary)
  3 jellies
  A hound (D:6)
  A gnoll bouda (D:7)
  4 iguanas
  2 sleepcaps (D:6)
  2 orc wizards (D:7)
  A hound zombie (Ossuary)
  4 mummies (Ossuary)
  3 gnolls (D:7)
  11 adders
  A white imp (D:6)
  An adder zombie (Ossuary)
  4 worms
  3 dart slugs
  3 orcs
  3 ball pythons (D:4)
  7 endoplasms
  2 giant cockroaches
  6 goblins
  3 hobgoblins
  27 kobolds
  4 quokkas
  6 bats
  3 frilled lizards
  A gnoll zombie (Ossuary)
  3 goblin zombies (Ossuary)
  A jackal zombie (Ossuary)
  A kobold zombie (Ossuary)
  An orc zombie (Ossuary)
  5 rats
  A rat zombie (Ossuary)
143 creatures vanquished.

Vanquished Creatures (others)
  A white imp (D:6)
1 creature vanquished.

Grand Total: 144 creatures vanquished

Notes
Turn   | Place    | Note
-------+----------+-------------------------------------------
     0 | D:1      | Partyfoot the Formicid Fighter began the quest for the Orb.
     0 | D:1      | Reached XP level 1. HP: 18/18 MP: 1/1
   215 | D:1      | Reached XP level 2. HP: 24/24 MP: 2/2
   514 | D:1      | Reached XP level 3. HP: 29/29 MP: 3/3
   656 | D:2      | Found a faded altar of an unknown god.
   865 | D:2      | Reached XP level 4. HP: 16/37 MP: 4/4
  1265 | D:3      | Noticed a wight
  1266 | D:3      | Found a transporter.
  1346 | D:3      | Found an ornate altar of the Wu Jian Council.
  1491 | D:3      | Found a transporter.
  1494 | D:3      | Noticed dontdoit's ghost (amateur DjHu)
  1914 | D:4      | Identified a scroll of acquirement
  1914 | D:4      | Acquired a +2 tower shield of fire resistance
  1986 | D:4      | Found Set Cewk's Antique Weapon Emporium.
  1996 | D:4      | Found a sand-covered staircase.
  2005 | Ossuary  | Entered an ossuary
  2036 | Ossuary  | Reached XP level 5. HP: 15/42 MP: 5/5
  2043 | Ossuary  | Reached skill level 5 in Shields
  2217 | Ossuary  | Reached XP level 6. HP: 49/49 MP: 6/6
  2543 | D:4      | Found a staircase to the Ecumenical Temple.
  2581 | Temple   | Entered the Ecumenical Temple
  2824 | D:5      | Entered Level 5 of the Dungeon
  2824 | D:5      | Noticed an ogre
  2873 | D:5      | Noticed a water moccasin
  2880 | D:6      | Noticed an unseen horror
  2880 | D:6      | Noticed a wraith
  2880 | D:6      | Found a runed translucent gate.
  2880 | D:6      | Found a runed translucent gate.
  2880 | D:6      | Found a runed translucent gate.
  2880 | D:6      | Found an opulent altar of Gozag.
  2882 | D:6      | Noticed a water moccasin
  2882 | D:6      | Noticed bignoob's ghost (novice DgFi)
  2928 | D:6      | Reached XP level 7. HP: 50/55 MP: 7/7
  2978 | D:6      | Reached skill level 5 in Fighting
  2978 | D:6      | Reached skill level 5 in Armour
  3037 | D:6      | Reached skill level 6 in Shields
  3388 | D:6      | Reached XP level 8. HP: 60/63 MP: 8/8
  3732 | D:6      | Reached skill level 7 in Shields
  3859 | D:6      | Reached skill level 5 in Staves
  4040 | D:5      | Reached XP level 9. HP: 71/71 MP: 9/9
  4248 | D:5      | Reached skill level 8 in Shields
  5346 | D:7      | HP: 3/68 [wight/+3 battleaxe (18)]
  5612 | D:7      | Reached skill level 9 in Shields
  5646 | D:7      | HP: 2/64 [wight/+0 battleaxe (7)]
  5649 | D:7      | Slain by a wight

Illustrated notes

Levels and vault maps discovered:
D:1:      amcnicky_arrival_gap_in_the_tavern_cellar, layout_basic,
          hangedman_decor_points
D:2:      layout_basic, hellmonk_ecumenical_altar_inner_sanctum,
          minmay_misc_feat_pillars, reono_crystal_passage, minmay_tripent
D:3:      layout_rooms, mainiacjoe_overflow_small_starburst,
          gammafunk_ghost_mausoleum, serial_forest, infiniplex_forest_pool,
          infiniplex_forest_lined_3, infiniplex_forest_lined_3_way,
          infiniplex_forest_lined_3_way, infiniplex_forest_straight_5,
          infiniplex_forest_fountain, infiniplex_forest_corner_1,
          infiniplex_forest_corner_1, infiniplex_forest_lined_4_way,
          infiniplex_forest_straight_2
D:4:      layout_cave_pools, minmay_temple_entry_large_hall, serial_shops,
          kennysheep_mini_moat, nicolae_ossuary_entry_monument
D:5:      kennysheep_kobold_camp, layout_rooms, chequers_serial_rivers_micro_b,
          minmay_misc_feat_secret_circle, nicolae_half_adder
D:6:      layout_loops_corners, ebering_ghost_gozag, minmay_pentangle
D:7:      layout_basic, grunt_decor_resistance, chequers_serial_rivers_micro_c
Temple:   nicolae_temple_ecumenical_triangle

Skill      XL: |  1  2  3  4  5  6  7  8  9 |
---------------+----------------------------+-----
Fighting       | 4 5 6 7 |  7.5
Armour         | 4 5 6 7 |  7.5
Staves         | 3 4 5 6 |  6.4
Shields        | 5 6 7 9 |  9.0

Action                     |  1- 3 |  4- 6 |  7- 9 || total
---------------------------+-------+-------+-------++-------
  Melee: Quarterstaff      |    80 |   125 |   256 ||   461
Ability: Dig               |       |     2 |       ||     2
    Use: Scroll            |       |    11 |     1 ||    12
         Potion            |       |     2 |     3 ||     5
 Armour: Scale mail        |    61 |   106 |    97 ||   264
  Dodge: Dodged            |    31 |    59 |    38 ||   128
  Block: Buckler           |    18 |     9 |       ||    27
         Tower shield      |       |   168 |   220 ||   388

Table legend: (Time is in decaauts)
 A = Elapsed time spent in this place.
 B = Non-inter-level travel time spent in this place.
 C = Inter-level travel time spent in this place.
 D = Time resting spent in this place.
 E = Time spent auto-exploring this place.
 F = Levels seen in this place.
 G = Mean time per level.
                   A        B        C        D        E       F      G
               +--------+--------+--------+--------+--------+-----+--------+
         Total |   5772 |   5479 |    293 |    715 |   3517 |   9 |  641.3 |
       Dungeon |   5410 |   5136 |    274 |    597 |   3491 |   7 |  772.9 |
        Temple |     20 |      1 |     19 |      0 |      0 |   1 |   20.0 |
       Ossuary |    340 |    340 |      0 |    118 |     26 |   1 |  340.0 |
               +--------+--------+--------+--------+--------+-----+--------+

Top non-repeatable levels by time:
     D:6: 1187 daAuts
     D:5: 1121 daAuts
     D:2: 718 daAuts
     D:3: 702 daAuts
     D:4: 699 daAuts
     D:1: 549 daAuts
     D:7: 431 daAuts
 Ossuary: 340 daAuts
  Temple: 20 daAuts
